 Dungeon Crawl Stone Soup version 0.30-a0-782-ge64f9170bb (webtiles) character file.

Game seed: 17986470962206604156

38 112233 the Stinger (level 3, 0/21 HPs)
             Began as an Octopode Venom Mage on Feb 25, 2023.
             Succumbed to an adder's poison
             ... on level 2 of the Dungeon.
             The game lasted 00:01:11 (1029 turns).

112233 the Stinger (Octopode Venom Mage)            Turns: 1029, Time: 00:01:12

Health: 0/21       AC:  1    Str:  7    XL:     3   Next: 43%
Magic:  6/7        EV: 13    Int: 19    God:
Gold:   74         SH:  0    Dex: 12    Spells: 4/7 levels left

rFire   . . .      SeeInvis .    (no weapon)
rCold   . . .      Faith    .    (no shield)
rNeg    . . .      Spirit   .    (helmet restricted)
rPois   .          Reflect  .    (no amulet)
rElec   .          Harm     .    (no ring)
rCorr   .          Rampage  .    (no ring)
Will    .....                    (no ring)
Stlth   +++                      (no ring)
HPRegen 0.23/turn                (no ring)
MPRegen 0.10/turn                (no ring)
                                 (no ring)
                                 (no ring)

@: lethally poisoned (0 -> -1), hasted, very quick
A: almost no armour, amphibious, 8 rings, camouflage 1, gelatinous body 1,
(nimble swimmer 1), tentacles
a: no special abilities


You were on level 2 of the Dungeon.
You visited 1 branch of the dungeon, and saw 2 of its levels.

You collected 74 gold pieces.

Inventory:

Scrolls
 b - a scroll of noise {unknown}
 c - 2 scrolls of identify {unknown}
 e - a scroll of teleportation {unknown}
Potions
 a - a potion of magic


   Skills:
 - Level 2.0 Dodging
 - Level 2.7 Stealth
 + Level 2.8 Spellcasting
 - Level 1.0 Transmutations
 + Level 4.5 Poison Magic


You had 4 spell levels left.
You knew the following spells:

 Your Spells              Type           Power      Damage    Failure   Level
a - Sting                 Tmut/Pois      52%        1d5       4%          1
b - Poisonous Vapours     Pois/Air       22%        N/A       10%         2

Your spell library contained the following spells:

 Spells                   Type           Power      Damage    Failure   Level
 Beastly Appendage        Tmut           12%        N/A       11%         1
 Wereblood                Tmut           6%         N/A       16%         2
 Spider Form              Tmut/Pois      13%        N/A       16%         3
 Passwall                 Tmut/Erth      3%         N/A       19%         2
 Ensorcelled Hibernation  Hex/Ice        4%         N/A       24%         2
 Olgreb's Toxic Radiance  Pois           19%        N/A       24%         4
 Mephitic Cloud           Conj/Pois/Air  8%         N/A       26%         3
 Swiftness                Air            2%         N/A       43%         3


Dungeon Overview and Level Annotations

Branches:
Dungeon (2/15)

Altars:


Innate Abilities, Weirdness & Mutations

You cannot wear most types of armour.
You are amphibious.
You can wear up to eight rings at the same time.
Your skin changes colour to match your surroundings (Stealth+).
Your rubbery body absorbs attacks. (AC +1, EV +1)
((You are camouflaged when in or above water. (Stealth+)))
You have tentacles for arms and can constrict up to eight enemies at once.


Message History

The adder bites you.
* * * LOW HITPOINT WARNING * * *
You are too injured to fight recklessly!
You are too injured to fight recklessly!
Unknown command.
It was a potion of ambrosia.
You are confused.
You feel invigorated.
You feel sick.
The adder looks more healthy.
The adder bites you.
* * * LOW HITPOINT WARNING * * *
Unknown command.
Unknown command.
You feel sick. The adder bites you.
* * * LOW HITPOINT WARNING * * *
The adder bites you.
* * * LOW HITPOINT WARNING * * *
Your magical contamination has completely faded away.
Unknown command.
You feel sick.
Unknown command.
You bump into the rock wall.
You feel less invigorated.
You feel less confused.
You feel sick. The adder bites you.
* * * LOW HITPOINT WARNING * * *
The adder bites you.
* * * LOW HITPOINT WARNING * * *
Unknown command.
It was a potion of haste.
You feel yourself speed up.
* * * LOW HITPOINT WARNING * * *
You feel sick. The adder closely misses you.
Unknown command.
Unknown command.
Casting: Sting (safe; 4% risk of failure)
Confirm with . or Enter, or press ? or * to list all spells.
Aiming: Sting (safe; 4% risk of failure)
Press: ? - help, Shift-Dir - straight line, f/p - adder
Aim: an adder (heavily wounded, 53% to hit)
The sting hits the adder.
The adder is poisoned.
The adder is severely wounded.
You die...

###########
##.........####
>.............#
.#............#
...######.....##
##...##...#....#########
#.#...~...~....@~......
#.#....≈~......S..!....
#.#.#.~≈~≈~≈~~~~†......
#.#...~~~~≈~~≈~≈~.#####
#.#.#..≈≈~≈≈≈≈≈~~...
##.#...~~≈~♣.~≈≈~.....#
#...<.~≈≈≈~~_.~≈≈.......
...#...~≈≈≈~..~≈~~....#.
####....~≈≈≈~~≈≈≈≈....#


You could see an adder (poisoned).

Vanquished Creatures
  3 dart slugs (D:1)
  A ball python (D:1)
  7 bats
  3 endoplasms (D:1)
  4 giant cockroaches
  A hobgoblin (D:2)
  2 quokkas (D:1)
  2 frilled lizards
  2 goblins (D:1)
  A kobold (D:1)
  3 rats (D:1)
29 creatures vanquished.

Notes
Turn   | Place    | Note
-------+----------+-------------------------------------------
     0 | D:1      | 112233 the Octopode Venom Mage began the quest for the Orb.
     0 | D:1      | Reached XP level 1. HP: 11/11 MP: 3/3
   132 | D:1      | Reached skill level 4 in Poison Magic
   132 | D:1      | Reached XP level 2. HP: 16/17 MP: 1/5
   202 | D:1      | Learned a level 2 spell: Poisonous Vapours
   659 | D:1      | Reached XP level 3. HP: 21/21 MP: 2/6
   944 | D:2      | Found a faded altar of an unknown god.
  1028 | D:2      | HP: 1/21 [poisoned by an adder]
  1029 | D:2      | Succumbed to an adder's poison

Illustrated notes

Levels and vault maps discovered:
D:1:      co_arrival_square_in_a_square_in_a_square, layout_basic
D:2:      layout_basic, chequers_ecumenical_altar_island

Skill      XL: |  1 |
---------------+----+-----
Poison Magic   | 4 |  4.5
Dodging        | |  2.0
Stealth        | |  2.7
Spellcasting   | |  2.8
Transmutations | |  1.0

Action                     || total
---------------------------++-------
  Melee: Unarmed           ||    20
         Constrict         ||     5
         Punch             ||     3
         Tentacles         ||     5
   Cast: Sting             ||    45
         Poisonous Vapours ||     2
    Use: Potion            ||     2
 Armour: Skin              ||     4
  Dodge: Dodged            ||    43

Table legend: (Time is in decaauts)
 A = Elapsed time spent in this place.
 B = Non-inter-level travel time spent in this place.
 C = Inter-level travel time spent in this place.
 D = Time resting spent in this place.
 E = Time spent auto-exploring this place.
 F = Levels seen in this place.
 G = Mean time per level.
                   A        B        C        D        E       F      G
               +--------+--------+--------+--------+--------+-----+--------+
         Total |   1028 |   1027 |      1 |     50 |    795 |   2 |  514.0 |
       Dungeon |   1028 |   1027 |      1 |     50 |    795 |   2 |  514.0 |
               +--------+--------+--------+--------+--------+-----+--------+

Top non-repeatable levels by time:
     D:1: 943 daAuts
     D:2: 85 daAuts
